 Dungeon Crawl Stone Soup version 0.20-a0-1089-g3fde505 (webtiles) character file.

2548 nikopol the Skirmisher (level 9, 0/84 HPs)
             Began as a Gargoyle Berserker on May 3, 2017.
             Was an Elder of Trog.
             Killed by divine providence
             ... invoked by an orc priest
              (14 damage)
             ... on level 8 of the Dungeon.
             The game lasted 00:15:37 (5064 turns).

nikopol the Skirmisher (Gargoyle Berserker)         Turns: 5064, Time: 00:15:38

Health: 0/84       AC: 17    Str: 30    XL:     9   Next: 56%
Magic:  9/9        EV: 13    Int:  8    God:    Trog [****..]
Gold:   410        SH:  0    Dex: 12    Spells: 8/8 levels left

rFire    . . .     SeeInvis .   a - +7 spear "Cufohufa" {freeze, rC+ Str+4}
rCold    + . .     Gourm    .   (no shield)
rNeg     + . .     Faith    .   I - +0 ring mail (curse)
rPois    ∞         Spirit   .   x - +0 helmet
rElec    +         Reflect  .   D - +1 cloak
rCorr    .         Harm     .   n - +0 pair of gloves (curse)
MR       +....                  (no boots)
Stlth    ..........             A - amulet of regeneration
Regen    0.7/turn               (no ring)
MPRegen  0.2/turn               w - ring of protection from magic

@: berserking, very quick
A: negative energy resistance 1, electricity resistance, unbreathing,
petrification resistance, rot immunity, AC +5
a: Berserk, Trog's Hand, Brothers in Arms, Burn Spellbooks, Renounce Religion


You were on level 8 of the Dungeon.
You worshipped Trog.
Trog was greatly pleased with you.
You were hungry.

You visited 1 branch of the dungeon, and saw 8 of its levels.

You collected 410 gold pieces.

Inventory:

Hand Weapons
 a - the +7 spear "Cufohufa" (weapon) {freeze, rC+ Str+4}
   (You found it on level 4 of the Dungeon)

   It has been specially enchanted to freeze those struck by it, causing extra
   injury to most foes and up to half again as much damage against particularly
   susceptible opponents.
   It can also slow down cold-blooded creatures.
   It affects your strength (+4).
   It protects you from cold.
 z - a +0 shortbow
 E - a +0 hand axe
 F - a +3 hand axe
 J - a cursed -3 flail
Missiles
 y - 81 arrows (quivered)
Armour
 b - a +0 animal skin
 e - a +2 buckler
 g - a +0 ring mail
 n - a cursed +0 pair of gloves (worn)
 x - a +0 helmet (worn)
 D - a +1 cloak (worn)
 I - a cursed +0 ring mail (worn)
Jewellery
 w - a ring of protection from magic (right hand)
 A - an amulet of regeneration (around neck)
 G - an uncursed amulet of faith {unknown}
Wands
 k - a wand of confusion (32/48)
 t - a wand of disintegration (6/24)
 v - a wand of iceblast (8/15)
 K - a wand of iceblast (7/15)
 Q - a wand of polymorph (9/24)
Scrolls
 d - 2 scrolls of noise {unknown}
 h - 2 scrolls of enchant weapon {unknown}
 j - 4 scrolls of identify {unknown}
 l - 2 scrolls of fog {unknown}
 p - 2 scrolls of remove curse {unknown}
 q - 4 scrolls of teleportation {unknown}
 s - 2 scrolls of immolation {unknown}
 H - a scroll of recharging {unknown}
 M - a scroll of acquirement {unknown}
 N - a scroll of amnesia {unknown}
 O - a scroll of summoning {unknown}
 P - a scroll of blinking {unknown}
Potions
 m - a potion of lignification {unknown}
 o - a potion of might {unknown}
 u - a potion of cancellation {unknown}
 B - a potion of magic {unknown}
 C - 2 potions of curing {unknown}
 R - a potion of ambrosia {unknown}
 S - a potion of degeneration {unknown}
 T - a potion of invisibility {unknown}
 U - 4 potions of mutation {unknown}
Comestibles
 c - 13 bread rations
 f - 5 meat rations
 i - 2 royal jellies
 r - a fruit
 L - 2 chunks of flesh


   Skills:
 + Level 6.9 Fighting
 - Level 4.3(5.6) Axes
 * Level 5.5(6.2) Polearms
 * Level 1.6 Bows
 + Level 6.7 Armour
 + Level 5.0 Dodging
 + Level 2.1 Shields


You had 8 spell levels left.
You didn't know any spells.

Dungeon Overview and Level Annotations

Branches:
Dungeon (8/15)             Temple (0/1) D:6
   Lair: D:8-11

Altars:
Ashenzari
Dithmenos
Uskayaw
Xom
Yredelemnul


Innate Abilities, Weirdness & Mutations

You are resistant to torment.
Your stone body is resilient. (AC +5)
You are immune to poison.
You resist negative energy. (rN+)
You are resistant to electric shocks. (rElec)
You can survive without breathing.
You are immune to petrification.
You are immune to rotting.


Message History

Aim: an orc warrior, wielding a glaive and wearing a chain mail You reach to attack!
You hit the orc warrior. You freeze the orc warrior.
The orc warrior is lightly wounded.
The orc priest casts a cantrip, but nothing happens.
You are too injured to fight recklessly!
Attack whom?
Press: ? - help, Dir - move target cursor, f/p - orc warrior
Aim: an orc warrior, wielding a glaive and wearing a chain mail (lightly wounded)
You reach to attack!
You puncture the orc warrior! You freeze the orc warrior.
The orc warrior is heavily wounded.
The orc warrior hits you from afar with a glaive!
* * * LOW HITPOINT WARNING * * *
Attack whom?
Press: ? - help, Dir - move target cursor, f/p - orc warrior
Aim: an orc warrior, wielding a glaive and wearing a chain mail (heavily wounded)
You reach to attack!
You puncture the orc warrior! You freeze the orc warrior.
The orc warrior is almost dead.
The orc priest mumbles some strange prayers to Beogh against you.
Beogh smites you!
You die...

#.# ##... #.#
#### #.# # ##.##
# #.###...## #
.........# #
#.###...########
##..........
#@######### #.#
##o##


#ooo# #..h..# #.......# #.......... +.........(. #........../.. You could see a
warg, an orc warrior, 2 orc priests and an orc.

Vanquished Creatures
  A hippogriff (D:3)
  Sigmund (D:5)
  A spriggan (D:8)
  Eustachio (D:5)
  A warg (D:8)
  A water moccasin (D:5)
  2 orc warriors (D:6)
  A black bear (D:8)
  A phantom (D:7)
  A centaur (D:8)
  2 ogres
  A big kobold (D:7)
  A gnoll sergeant (D:6)
  A bullfrog (D:7)
  A water moccasin zombie (D:5)
  2 scorpions
  3 crimson imps
  A hound (D:7)
  A jelly (D:5)
  2 orc priests
  3 orc wizards
  Ijyb (D:3)
  Jessica (D:2)
  Terence (D:2)
  5 worker ants
  5 gnolls (D:6)
  8 adders
  A shadow imp (D:7)
  2 worms (D:2)
  2 dart slugs
  21 orcs
  7 giant cockroaches
  2 goblins (D:2)
  7 hobgoblins
  10 jackals
  12 kobolds
  3 quokkas
  8 bats
  2 frilled lizards (D:1)
  A giant cockroach zombie (D:5)
  A jackal skeleton (D:7)
  A leopard gecko skeleton (D:5)
  6 rats
136 creatures vanquished.

Notes
Turn   | Place    | Note
-------+----------+-------------------------------------------
     0 | D:1      | nikopol the Gargoyle Berserker began the quest for the Orb.
     0 | D:1      | Reached XP level 1. HP: 14/14 MP: 1/1
   399 | D:1      | Reached XP level 2. HP: 19/19 MP: 2/2
   790 | D:2      | Noticed Jessica
   796 | D:2      | Killed Jessica
   796 | D:2      | Reached XP level 3. HP: 24/24 MP: 3/3
   876 | D:2      | Reached XP level 4. HP: 29/29 MP: 4/4
   979 | D:2      | Reached ** piety under Trog
  1131 | D:2      | Found a faded altar of an unknown god.
  1167 | D:2      | Noticed Terence
  1175 | D:2      | Killed Terence
  1175 | D:2      | Reached XP level 5. HP: 33/33 MP: 5/5
  1478 | D:3      | Noticed Ijyb
  1489 | D:3      | Killed Ijyb
  1620 | D:3      | Reached XP level 6. HP: 19/39 MP: 6/6
  1832 | D:3      | Found a shattered altar of Ashenzari.
  1972 | D:3      | Noticed a hippogriff
  1994 | D:3      | Killed a hippogriff
  1994 | D:3      | Reached skill level 5 in Fighting
  1994 | D:3      | Reached XP level 7. HP: 20/44 MP: 7/7
  2078 | D:3      | Reached *** piety under Trog
  2278 | D:4      | Got a steaming spear
  2279 | D:4      | Identified the +7 spear "Cufohufa" {freeze, rC+ Str+4} (You found it on level 4 of the Dungeon)
  2705 | D:5      | Entered Level 5 of the Dungeon
  2725 | D:5      | Reached skill level 1 in Polearms
  2739 | D:5      | Reached skill level 5 in Armour
  2833 | D:5      | Found a shimmering altar of Xom.
  2833 | D:5      | Found a shadowy altar of Dithmenos.
  2834 | D:5      | Found a basalt altar of Yredelemnul.
  2924 | D:5      | Found a hide-covered altar of Uskayaw.
  2968 | D:5      | Noticed Eustachio
  2998 | D:5      | Killed Eustachio
  2998 | D:5      | Reached XP level 8. HP: 51/51 MP: 8/8
  3100 | D:5      | Noticed Sigmund
  3110 | D:5      | Killed Sigmund
  3474 | D:6      | Found a staircase to the Ecumenical Temple.
  4290 | D:7      | Reached XP level 9. HP: 49/56 MP: 9/9
  4310 | D:7      | Reached **** piety under Trog
  4352 | D:7      | Reached skill level 1 in Shields
  4377 | D:6      | Reached skill level 5 in Polearms
  4984 | D:8      | Reached skill level 1 in Bows
  4984 | D:8      | Reached skill level 5 in Dodging
  5064 | D:8      | Killed from afar by an orc priest

Vault maps used:
D:1:      sevenhm_arrival_forest_fort_small_5
D:2:      chequers_ecumenical_altar_simple, first_bread, uniq_terence,
          uniq_jessica
D:3:      lemuel_coloured_pillars_altar, minivault_25, uniq_ijyb
D:5:      nicolae_overflow_quartered_altars, uniq_sigmund, uniq_eustachio
D:6:      minmay_temple_entry_trees
D:8:      erik_lair_orcish_takeover, hangedman_decor_growths, the_bakery

Skill      XL: |  1  2  3  4  5  6  7  8  9 |
---------------+----------------------------+-----
Axes           | 3 4 |  4.3
Dodging        | 2 3 4 5 |  5.0
Armour         | 3 4 5 6 |  6.7
Fighting       | 4 5 6 |  6.9
Polearms       | 2 4 5 |  5.5
Shields        | 2 |  2.1
Bows           | 1 |  1.6

Action                   |  1- 3 |  4- 6 |  7- 9 || total
-------------------------+-------+-------+-------++-------
Melee: Hand axe          |    96 |   166 |    25 ||   287
       Spear             |       |       |   239 ||   239
 Fire: Shortbow          |       |       |     8 ||     8
Invok: Berserk           |     1 |     3 |     4 ||     8
  Eat: Chunk             |     1 |     6 |    11 ||    18
       Royal jelly       |       |       |     1 ||     1
       Fruit             |       |       |     1 ||     1
Armor: Animal skin       |     7 |       |       ||     7
       Ring mail         |    28 |   101 |    92 ||   221
Dodge: Dodged            |    63 |   143 |   133 ||   339
Block: Buckler           |       |       |    17 ||    17
